 Dungeon Crawl Stone Soup version 0.21.1 (webtiles) character file.

182 Inectha the Chopper (level 5, 0/70 HPs)
             Began as a Minotaur Berserker on Feb 3, 2018.
             Was a Believer of Trog.
             Succumbed to Sigmund's poison
             ... on level 3 of the Dungeon.
             The game lasted 00:21:42 (2334 turns).

Inectha the Chopper (Minotaur Berserker)            Turns: 2334, Time: 00:21:43

Health: 0/70       AC: 22    Str: 20 (23) XL:     5   Next: 35%
Magic:  4/4        EV:  2    Int:  8 (9)  God:    Trog [**....]
Gold:   117        SH:  0    Dex: 11 (14) Spells: 4/4 levels left

rFire    . . .     SeeInvis .   a - +0 hand axe
rCold    . . .     Gourm    .   (no shield)
rNeg     + + +     Faith    .   (armour currently unavailable)
rPois    +         Spirit   .   (helmet currently unavailable)
rElec    .         Reflect  .   (cloak currently unavailable)
rCorr    .         Harm     .   (gloves currently unavailable)
MR       .....     NoTele   +   (boots currently unavailable)
Stlth    ++........             (no amulet)
HPRegen  0.21/turn              (no ring)
MPRegen  0.09/turn              (no ring)

@: brilliant, agile, lethally poisoned (0 -> -4), tree-form
A: (retaliatory headbutt)
a: Berserk, Trog's Hand, Burn Spellbooks, Renounce Religion


You were on level 3 of the Dungeon.
You worshipped Trog.
Trog was pleased with you.
You were not hungry.
You were a tree.
You visited 1 branch of the dungeon, and saw 3 of its levels.

You collected 117 gold pieces.

Inventory:

Hand Weapons
 a - a +0 hand axe (weapon)
 q - a +0 hand axe
 u - a +0 hand axe
Armour
 b - a +0 animal skin
 d - a +0 plate armour (melded)
 f - a +0 ring mail of poison resistance
Jewellery
 l - an uncursed ring of flight {unknown}
Scrolls
 i - a scroll of teleportation
 n - a scroll of remove curse {unknown}
 o - a scroll of enchant armour {unknown}
 r - 2 scrolls of blinking {unknown}
 s - a scroll of magic mapping {unknown}
Potions
 g - a potion of brilliance
 j - a potion of magic {unknown}
 k - 2 potions of lignification
 m - 2 potions of flight {unknown}
 p - a potion of heal wounds {unknown}
Comestibles
 c - 3 rations
 t - 11 chunks of flesh


   Skills:
 + Level 4.5 Fighting
 + Level 5.6 Axes
 + Level 3.6 Armour
 + Level 3.0 Dodging
 + Level 0.7 Stealth


You had 4 spell levels left.
You didn't know any spells.

Dungeon Overview and Level Annotations

Branches:
Dungeon (3/15)

Altars:

Annotations:
D:3 Sigmund


Innate Abilities, Weirdness & Mutations

((You reflexively headbutt those who attack you in melee.))
((You have a pair of horns on your head.))


Message History

* * * LOW HITPOINT WARNING * * *
You see here a stone.
It was a potion of lignification.
You turn into a tree.
Your +0 plate armour melds into your body.
Your roots penetrate the ground.
The orc hits you but does no damage.
Sigmund casts a spell.
Sigmund flickers and vanishes!
The orc throws a stone.
The stone hits you but does no damage.
You barely miss the orc. You hit something.
The orc hits you but does no damage.
The orc throws a stone.
The stone hits you but does no damage. Something hits you but does no damage.
You hit the orc but do no damage. You hit something.
The orc completely misses you. Something hits you but does no damage.
You are lethally poisoned!
The orc throws a stone.
The stone hits you but does no damage. Something hits you but does no damage.
You hit the orc.
The orc is heavily wounded.
You hit something.
You die...

#.# #.# #.# #.# #.# #.#
#.# ##########
########.#####...?.....
#.....♣o{..............
#.#####.oo.###.........
........o.............
....##....###.........
... ##...?###.........
.. .')......÷#########
. .##....##.## .
#....##..# #....###.##


You could see an orc priest, an orc wizard and 2 orcs.

Vanquished Creatures
  Terence (D:2)
  Natasha (thrice) (D:2)
  3 adders (D:2)
  2 worms (D:2)
  2 dart slugs
  A leopard gecko (D:1)
  4 orcs (D:3)
  5 hobgoblins
  2 jackals (D:1)
  5 kobolds (D:1)
  A quokka (D:3)
  4 ball pythons
  6 bats
  A frilled lizard (D:3)
  2 goblins
  4 rats
46 creatures vanquished.

Notes
Turn   | Place    | Note
-------+----------+-------------------------------------------
     0 | D:1      | Inectha the Minotaur Berserker began the quest for the Orb.
     0 | D:1      | Reached XP level 1. HP: 19/19 MP: 0/0
   127 | D:1      | Reached skill level 4 in Axes
   131 | D:1      | Reached XP level 2. HP: 24/27 MP: 1/1
   936 | D:1      | Reached ** piety under Trog
  1395 | D:2      | Noticed Terence
  1408 | D:2      | Killed Terence
  1408 | D:2      | Reached XP level 3. HP: 33/33 MP: 2/2
  1468 | D:2      | Reached XP level 4. HP: 40/40 MP: 3/3
  1627 | D:2      | Noticed Natasha
  1633 | D:2      | Killed Natasha
  1633 | D:2      | Reached skill level 5 in Axes
  1879 | D:2      | Noticed Natasha
  1886 | D:2      | Killed Natasha
  1886 | D:2      | Reached XP level 5. HP: 42/47 MP: 4/4
  1951 | D:2      | Noticed Natasha
  1954 | D:2      | Killed Natasha
  2275 | D:3      | Noticed Sigmund
  2327 | D:3      | HP: 2/47 [poisoned by Sigmund]
  2334 | D:3      | Succumbed to Sigmund's poison

Skill      XL: |  1  2  3  4  5 |
---------------+----------------+-----
Axes           | 4 5 |  5.6
Fighting       | 4 |  4.5
Armour         | 3 |  3.6
Dodging        | 3 |  3.0
Stealth        | |  0.7

Action                   |  1- 3 |  4- 6 || total
-------------------------+-------+-------++-------
Melee: Hand axe          |    65 |    68 ||   133
       Headbutt          |     8 |    10 ||    18
Invok: Berserk           |     1 |       ||     1
       Trog's Hand       |       |     1 ||     1
  Use: Scroll            |     5 |       ||     5
       Potion            |       |     4 ||     4
  Eat: Chunk             |     3 |     3 ||     6
Armor: Animal skin       |     2 |       ||     2
       Plate armour      |    21 |    30 ||    51
       Ring mail         |    12 |       ||    12
       Chain mail        |     3 |       ||     3
       Skin              |       |     6 ||     6
Dodge: Dodged            |    40 |    20 ||    60
